 Dungeon Crawl Stone Soup version 0.27.1-3-gb3d3a73c9e (webtiles) character file.

Game seed: 17685875957608493250

888 cdecastro the Spear-Bearer (level 7, -3/50 HPs)
             Began as a Demonspawn Gladiator on Oct 13, 2021.
             Was a Follower of Makhleb.
             Slain by an orc warrior (14 damage)
             ... on level 4 of the Dungeon on Oct 14, 2021.
             The game lasted 00:08:00 (4524 turns).

cdecastro the Spear-Bearer (Demonspawn Gladiator)   Turns: 4524, Time: 00:08:00

Health: -3/50      AC:  7    Str: 16    XL:     7   Next: 77%
Magic:  7/7        EV: 10    Int: 13    God:    Makhleb [*.....]
Gold:   178        SH:  0    Dex: 15    Spells: 6/6 levels left

rFire    . . .     SeeInvis .   a - +0 trident
rCold    . . .     Faith    .   (no shield)
rNeg     . . .     Spirit   .   z - +0 scale mail
rPois    +         Reflect  .   (helmet restricted)
rElec    .         Harm     .   h - +0 cloak
rCorr    .         Rampage  .   (no gloves)
Will     .....                  (no boots)
Stlth    ..........             (no amulet)
HPRegen  0.16/turn              p - ring of poison resistance
MPRegen  0.10/turn              (no ring)

@: no status effects
A: horns 1, big brain 2
a: Renounce Religion


You were on level 4 of the Dungeon.
You worshipped Makhleb.
Makhleb was aware of your devotion.
You visited 2 branches of the dungeon, and saw 6 of its levels.
You also visited: Sewer.

You collected 178 gold pieces.

Inventory:

Hand Weapons
 a - a +0 trident (weapon)
Missiles
 d - 3 throwing nets
 f - 39 bolts
 l - 135 stones
 x - 19 arrows
 A - 12 poisoned darts (quivered)
Armour
 c - a +0 helmet
 h - a +0 cloak (worn)
 z - a +0 scale mail (worn)
Jewellery
 p - a ring of poison resistance (left hand)
 u - a +4 ring of protection
Wands
 w - a wand of iceblast (6)
Scrolls
 g - a scroll of noise {unknown}
 k - 5 scrolls of identify {unknown}
 m - 2 scrolls of fog {unknown}
 n - a scroll of brand weapon {unknown}
 o - 2 scrolls of teleportation {unknown}
 q - a scroll of silence {unknown}
 t - a scroll of immolation {unknown}
 v - a scroll of amnesia {unknown}
 y - a scroll of holy word {unknown}
 C - a scroll of blinking {unknown}
Potions
 b - a potion of might {unknown}
 e - 4 potions of heal wounds
 i - a potion of lignification {unknown}
 j - a potion of cancellation {unknown}
 s - 2 potions of haste {unknown}
 B - 2 potions of flight


   Skills:
 - Level 2.0 Fighting
 + Level 8.6 Polearms
 - Level 1.7 Throwing
 - Level 2.6 Dodging


You had 6 spell levels left.
You didn't know any spells.
Your spell library contained the following spells:

 Spells                   Type           Power      Damage    Failure   Level
 Corpse Rot               Necr/Air       N/A        N/A       87%         2
 Frozen Ramparts          Ice            0%         1d2       98%         3
 Dispel Undead            Necr           0%         3d6       100%        4
 Ice Form                 Ice/Tmut       0%         N/A       100%        4
 Summon Ice Beast         Ice/Summ       0%         N/A       100%        4
 Death Channel            Necr           0%         N/A       100%        6


Dungeon Overview and Level Annotations

Branches:
Dungeon (5/15)             Temple (1/1) D:4           Sewer (visited)

Altars:
Cheibriados
Fedhas
Gozag
Kikubaaqudgha
Makhleb
Nemelex Xobeh
Okawaru
Ru
Trog
Vehumet
Yredelemnul
Zin
The Shining One

Shops:
D:4 =

Portals:
Abyss: D:1***


Innate Abilities, Weirdness & Mutations

You have a pair of small horns on your head.
You have an extremely huge brain. (Int +4)


Message History

2 orcs come into view.
The orc warrior shouts!
The orc shouts! x2
An orc comes into view. It is wielding a +0 short sword.
You reach to attack!
You puncture the orc!
You kill the orc!
Makhleb accepts your kill.
You reach to attack!
You hit the orc warrior.
The orc warrior is lightly wounded.
You hit the orc warrior.
You headbutt the orc warrior, but do no damage.
The orc warrior is lightly wounded.
The orc warrior hits you with a +0 short sword.
You hit the orc warrior.
The orc warrior is moderately wounded.
The orc warrior hits you with a +0 short sword!
You are too injured to fight recklessly!
You are too injured to fight recklessly!
You puncture the orc warrior!
The orc warrior is severely wounded.
The orc warrior hits you with a +0 short sword!
You barely miss the orc warrior.
The orc warrior is severely wounded.
You hit the orc warrior but do no damage.
You headbutt the orc warrior, but do no damage.
The orc warrior is severely wounded.
The orc warrior hits you with a +0 short sword!
* * * LOW HITPOINT WARNING * * *
You hit the orc warrior but do no damage.
You headbutt the orc warrior.
The orc warrior is severely wounded.
The orc warrior barely misses you.
You hit the orc warrior but do no damage.
You headbutt the orc warrior, but do no damage.
The orc warrior is severely wounded.
The orc warrior cheers loudly.
The orc warrior misses you.
You completely miss the orc warrior.
The orc warrior is severely wounded.
The orc warrior hits you with a +0 short sword!
You die...

..... .........
..... ........#
.... ........#
....
........#..... .#
....
........#..... #.#
...#
.....)..#....# #.#
... ......oo# #..#
#.# ..
......oo####.###.#
## ..
#..#####@........#
#. .. #+........#
#. . ##.......# #.
####.##.##### #.
#..........# #.
#..........# #.
#..........# #.
+.#..........# #.
..#..........# #.


You could see an orc warrior and 3 orcs.

Vanquished Creatures
  A black bear (D:5)
  A necrophage (D:5)
  2 ogres (D:5)
  A kobold brigand (Sewer)
  A water moccasin zombie (D:5)
  A howler monkey (D:5)
  A bullfrog skeleton (D:5)
  2 hounds
  A centaur skeleton (D:5)
  A hound skeleton (D:5)
  4 gnolls (D:3)
  9 adders
  A howler monkey skeleton (D:4)
  A river rat (Sewer)
  A shadow imp (D:5)
  An ufetubus (D:4)
  2 adder skeletons (D:4)
  A worm (D:4)
  A dart slug (D:1)
  4 orcs
  4 bats
  7 endoplasms
  4 giant cockroaches
  5 hobgoblins
  9 jackals
  10 kobolds
  2 quokkas
  9 ball pythons
  6 frilled lizards
  6 goblins
  8 rats
107 creatures vanquished.

Vanquished Creatures (others)
  3 plants (D:1)
3 creatures vanquished.

Grand Total: 110 creatures vanquished

Notes
Turn   | Place    | Note
-------+----------+-------------------------------------------
     0 | D:1      | cdecastro the Demonspawn Gladiator began the quest for the
                  | Orb.
     0 | D:1      | Reached XP level 1. HP: 16/16 MP: 1/1
    70 | D:1      | Reached skill level 3 in Polearms
   220 | D:1      | Gained mutation: You have a pair of small horns on your
                  | head. [demonic ancestry]
   220 | D:1      | Reached XP level 2. HP: 20/22 MP: 2/2
   572 | D:1      | Reached XP level 3. HP: 27/27 MP: 3/3
   725 | D:1      | Reached skill level 4 in Polearms
  1304 | D:2      | Reached XP level 4. HP: 33/33 MP: 4/4
  1723 | D:3      | Found an opulent altar of Gozag.
  2162 | D:3      | Reached skill level 5 in Polearms
  2172 | D:3      | Reached XP level 5. HP: 9/38 MP: 5/5
  2666 | D:4      | Found Ferphouz's Jewellery Shop.
  2839 | D:4      | Found a staircase to the Ecumenical Temple.
  2941 | Temple   | Entered the Ecumenical Temple
  3145 | Temple   | Became a worshipper of Makhleb the Destroyer
  3227 | D:4      | Noticed an ogre
  3420 | D:4      | Reached skill level 6 in Polearms
  3573 | D:5      | Entered Level 5 of the Dungeon
  3579 | D:5      | Gained mutation: You have an unusually large brain. (Int
                  | +2) [demonic ancestry]
  3579 | D:5      | Reached XP level 6. HP: 41/44 MP: 6/6
  3585 | D:5      | Found a glowing drain.
  3601 | Sewer    | Entered a sewer
  3726 | Sewer    | Reached * piety under Makhleb
  3979 | D:5      | Reached skill level 7 in Polearms
  4184 | D:5      | Gained mutation: You have an extremely huge brain. (Int +4)
                  | [demonic ancestry]
  4184 | D:5      | Reached XP level 7. HP: 17/50 MP: 7/7
  4416 | D:5      | Reached skill level 8 in Polearms
  4524 | D:4      | Slain by an orc warrior

Illustrated notes

Levels and vault maps discovered:
D:1:      minmay_arrival_glassed_features, layout_rooms, serial_bayou_ford_a,
          minmay_octomino_e4
D:2:      layout_loops_corners, minmay_misc_feat_enclosed
D:3:      layout_rooms, grunt_gozag_statues
D:4:      layout_basic, nicolae_overflow_quartered_altars,
          minmay_temple_entry_poolview, serial_shops, nicolae_shop_stone,
          st_stairs_1
D:5:      layout_basic, portal_sewer_entry_d, lightli_corner_chamber,
          uniq_menkaure
Temple:   minmay_temple_bridge_abc

Skill      XL: |  1  2  3  4  5  6  7 |
---------------+----------------------+-----
Polearms       | 3 4 5 6 7 8 |  8.6
Fighting       | |  2.0
Throwing       | |  1.7
Dodging        | |  2.6

Action                   |  1- 3 |  4- 6 |  7- 9 || total
-------------------------+-------+-------+-------++-------
Melee: Trident           |   115 |   229 |    27 ||   371
       Headbutt          |    12 |    44 |     8 ||    64
Evoke: Wand              |       |       |     3 ||     3
Armor: Leather armour    |    23 |       |       ||    23
       Ring mail         |     4 |    22 |       ||    26
       Scale mail        |       |    67 |     5 ||    72
Dodge: Dodged            |    76 |   114 |     7 ||   197
